 Dungeon Crawl Stone Soup version 0.30-a0-996-ga6910c8ee8 (webtiles) character file.

Game seed: 12146819672641158927

1173 Pooter the Cleaver (level 8, -10/70 (73) HPs)
             Began as a Minotaur Berserker on Apr 4, 2023.
             Was a Believer of Trog.
             Mangled by an ogre
             ... wielding a +0 giant spiked club
              (31 damage)
             ... on level 5 of the Dungeon.
             The game lasted 00:19:07 (4017 turns).

Pooter the Cleaver (Minotaur Berserker)             Turns: 4017, Time: 00:19:08

HP:   -10/70 (73)   AC:  7    Str: 24    XL:     8   Next: 18%
MP:   7/7           EV: 10    Int:  4    God:    Trog [**....]
Gold: 320           SH:  5    Dex: 10    Spells: 7/7 levels left

rFire   . . .      SeeInvis .    a - +1 war axe
rCold   . . .      Faith    .    (no shield)
rNeg    . . .      Spirit   .    x - +0 scale mail
rPois   .          Reflect  +    (helmet restricted)
rElec   .          Rampage  .    (no cloak)
rCorr   .                        j - +0 pair of gloves
Will    .....                    (no boots) Stlth
                                 p - amulet of reflection
HPRegen 0.31/turn                (no ring)
MPRegen 0.10/turn                (no ring)

@: mighty, lethally poisoned (-10 -> -16), marked, on berserk cooldown, slowed,
lightly drained, very slow
A: horns 2, retaliatory headbutt
a: Renounce Religion, Berserk, Trog's Hand


You were on level 5 of the Dungeon.
You worshipped Trog.
Trog was pleased with you.
You visited 1 branch of the dungeon, and saw 6 of its levels.

You collected 320 gold pieces.

Inventory:

Hand Weapons
 a - a +1 war axe (weapon)
   (You found it on level 5 of the Dungeon)
 g - a +0 trident
   (You took it off an orc on level 5 of the Dungeon)
 q - a +1 heavy spear
   (You found it on level 2 of the Dungeon)
 y - a +0 hand axe
 C - a +0 morningstar
   (You took it off an orc on level 6 of the Dungeon)
Missiles
 o - 6 boomerangs (quivered)
 t - 6 poisoned darts
 A - 5 javelins
 Q - 35 stones
Armour
 j - a +0 pair of gloves (worn)
   (You found it on level 1 of the Dungeon)
 w - a +0 ring mail
   (You took it off an orc on level 4 of the Dungeon)
 x - a +0 scale mail (worn)
   (You took it off Edmund on level 4 of the Dungeon)
Jewellery
 p - an amulet of reflection (around neck)
   (You found it on level 2 of the Dungeon)
Wands
 f - a wand of flame (17)
   (You took it off Blork the orc on level 5 of the Dungeon)
 B - a wand of charming (1)
   (You found it on level 5 of the Dungeon)
Scrolls
 d - a scroll of poison {!r}
 e - a scroll of fog
 l - a scroll of teleportation {unknown}
 m - 2 scrolls of immolation {!r}
 v - a scroll of fear
Potions
 b - a potion of lignification {unknown}
 c - 3 potions of degeneration {unknown}
 h - 3 potions of curing {unknown}
 k - 3 potions of flight {unknown}
 n - 3 potions of brilliance {unknown}
 r - a potion of heal wounds {unknown}
 s - a potion of haste {unknown}
 z - 4 potions of might


   Skills:
 + Level 7.4 Fighting
 * Level 9.3(9.7) Axes
 - Level 4.5(7.4) Polearms
 - Level 2.4 Armour
 - Level 2.1 Dodging


You had 7 spell levels left.
You didn't know any spells.
Your spell library was empty.

Dungeon Overview and Level Annotations

Branches:
Dungeon (6/15)             Temple (0/1) D:5

Altars:
Elyvilon
Fedhas
Qazlal

Shops:
D:2 [


Innate Abilities, Weirdness & Mutations

You have a pair of horns on your head.
You reflexively headbutt those who attack you in melee.


Message History

You see here 7 gold pieces.
Found an escape hatch in the floor.
An ogre comes into view. It is wielding a +0 giant spiked club.
You feel your anger nearly subside.
You are no longer berserk.
You are exhausted.
You feel yourself slow down.
An orc wizard comes into view. It is wielding a +0 dagger.
A centaur comes into view.
The centaur wields a +1 shortbow of draining.
You sense an unholy aura.
The centaur shoots an arrow.
The arrow barely misses you.
The arrow hits the hound!
The hound bites you but does no damage.
The centaur shoots an arrow.
The arrow closely misses you. The hound bites you.
The centaur shoots an arrow.
The arrow hits you.
You feel drained.
A white imp comes into view.
The ice beast attacks as you move away!
The ice beast hits you but does no damage.
The centaur shoots an arrow.
The arrow hits you.
You feel drained. You block the hound's attack.
The centaur shoots an arrow.
The arrow closely misses you. The hound attacks as you move away!
The hound barely misses you.
An iguana comes into view.
The hound barely misses you.
An orc comes into view. It is wielding a +0 trident.
The ogre closely misses you. You furiously retaliate!
You headbutt the ogre! The hound bites you.
There is a stone staircase leading up here.
The hound barely misses you. The scorpion closely misses you.
The ogre hits you with a +0 giant spiked club.
You block the scorpion's attack.
You climb upwards.
There is a stone staircase leading down here.
You feel very mighty all of a sudden. You block the hound's attack.
The scorpion stings you.
You are poisoned.
The scorpion poisons you! The hound barely misses you.
The ogre hits you with a +0 giant spiked club!!
* * * LOW HITPOINT WARNING * * *
You barely miss the ogre. You completely miss the hound.
You closely miss the scorpion.
You feel very sick. The hound bites you but does no damage.
The scorpion stings you.
* * * LOW HITPOINT WARNING * * *
The hound barely misses you. You furiously retaliate!
You headbutt the hound.
You kill the hound!
Trog accepts your kill. The scorpion stings you.
* * * LOW HITPOINT WARNING * * *
The ogre hits you with a +0 giant spiked club!!
You die...

#..# #####............#..### #.##
##......###.####..<....# #.#
###..###......##...#..#... #.#
#...##...#######.###.##..# ##.#
#...##.#########[........# #..###
#.........................
..P..###......#.....#...........#
.PPPPP#....####O....#.###########
..P_PP#.#### #.@...#.# ..P.P...#
#..s....## ..P.P...#
#........########## .......##
#.....##........... #.≈...##
#..[..############# #.≈...#
#.....# #.#_≈^# #....[# #^≈#≈##
####### ##^.§#


You could see an ogre and a scorpion.

Vanquished Creatures
  Eustachio (D:5)
  Edmund (D:4)
  A black bear (D:5)
  A centaur (D:6)
  A phantom (D:5)
  A wight (D:5)
  A hound (D:5)
  2 orc priests
  6 iguanas
  3 orc wizards
  Robin (D:2)
  7 adders
  2 ufetubi
  2 worms (D:2)
  3 dart slugs
  8 orcs
  4 bats
  3 endoplasms
  4 giant cockroaches
  14 goblins
  17 hobgoblins
  6 jackals
  3 quokkas
  15 ball pythons
  3 frilled lizards (D:1)
  7 kobolds
  7 rats
124 creatures vanquished.

Vanquished Creatures (collateral kills)
  Blork the orc (D:5)
  A wight (D:5)
2 creatures vanquished.

Grand Total: 126 creatures vanquished

Notes
Turn   | Place    | Note
-------+----------+-------------------------------------------
     0 | D:1      | Pooter the Minotaur Berserker began the quest for the Orb.
     0 | D:1      | Reached XP level 1. HP: 19/19 MP: 0/0
    28 | D:1      | Reached skill level 4 in Axes
    90 | D:1      | Reached XP level 2. HP: 20/27 MP: 1/1
   559 | D:2      | Reached XP level 3. HP: 27/33 MP: 2/2
   613 | D:2      | Noticed Robin
   617 | D:2      | Killed Robin
   618 | D:2      | Reached skill level 5 in Axes
   634 | D:2      | Reached ** piety under Trog
   704 | D:2      | Reached XP level 4. HP: 38/41 MP: 3/3
  1373 | D:2      | Found Xesay's Armour Emporium.
  1701 | D:3      | Reached skill level 1 in Polearms
  1722 | D:3      | Found a faded altar of an unknown god.
  1940 | D:3      | Found a white marble altar of Elyvilon.
  2224 | D:4      | Reached XP level 5. HP: 47/47 MP: 4/4
  2263 | D:4      | Reached skill level 5 in Fighting
  2269 | D:4      | Reached skill level 6 in Axes
  2416 | D:4      | Noticed Edmund
  2430 | D:4      | Killed Edmund
  2431 | D:4      | Reached XP level 6. HP: 56/56 MP: 5/5
  2566 | D:4      | Identified the +0 robe of the Past {MP+9 Int-5 Dex+5 SInv}
  3027 | D:5      | Entered Level 5 of the Dungeon
  3114 | D:5      | Found a stormy altar of Qazlal.
  3128 | D:5      | Found a blossoming altar of Fedhas.
  3274 | D:5      | Noticed Blork the orc
  3277 | D:5      | Noticed Eustachio
  3283 | D:5      | Killed Blork the orc
  3284 | D:5      | Reached skill level 7 in Axes
  3284 | D:5      | Reached XP level 7. HP: 40/63 MP: 6/6
  3307 | D:5      | Killed Eustachio
  3425 | D:5      | Reached skill level 8 in Axes
  3506 | D:5      | Found a staircase to the Ecumenical Temple.
  3883 | D:6      | Reached XP level 8. HP: 62/73 MP: 7/7
  3888 | D:6      | Reached skill level 9 in Axes
  4004 | D:6      | Noticed a white ugly thing
  4017 | D:5      | Mangled by an ogre

Illustrated notes

Levels and vault maps discovered:
D:1:      onia_arrival_pyramid, layout_rooms
D:2:      layout_loops_ring, serial_shops, nicolae_shop_crystal,
          minmay_octomino_e4, uniq_robin
D:3:      layout_basic, lemuel_doored_altar,
          shapermc_ecumenical_altar_totnotflames, minmay_misc_feat_alley
D:4:      layout_cave_pools, minmay_misc_feat_cross, uniq_edmund
D:5:      layout_rooms, grunt_temple_overflow_forces_of_nature,
          minmay_temple_entry_glassed_door, minmay_crystal_water, sword_in_stone
D:6:      cheibrodos_barr_body, layout_cave_pools, mainiacjoe_overflow_alcove_4,
          grunt_ministairs_4

Skill      XL: |  1  2  3  4  5  6  7  8 |
---------------+-------------------------+-----
Axes           | 4 5 6 7 8 9 |  9.3
Fighting       | 4 5 6 7 |  7.4
Polearms       | 1 3 4 |  4.5
Armour         | |  2.4
Dodging        | |  2.1

Action                     |  1- 3 |  4- 6 |  7- 9 || total
---------------------------+-------+-------+-------++-------
  Melee: Hand axe          |    72 |    33 |       ||   105
         Headbutt          |     6 |    19 |    10 ||    35
         Punch             |     1 |       |       ||     1
         Spear             |       |   116 |       ||   116
         War axe           |       |     4 |    44 ||    48
  Throw: Javelin           |     4 |     5 |     3 ||    12
         Stone             |     2 |       |       ||     2
         Boomerang         |       |       |     4 ||     4
 Invoke: Berserk           |     1 |     2 |     2 ||     5
         Trog's Hand       |       |     1 |     3 ||     4
    Use: Scroll            |       |     7 |     2 ||     9
         Potion            |       |       |     1 ||     1
   Stab: Sleeping          |     1 |       |       ||     1
 Armour: Animal skin       |    18 |    19 |       ||    37
         Ring mail         |       |     7 |       ||     7
         Scale mail        |       |    11 |    25 ||    36
  Dodge: Dodged            |    45 |    66 |    44 ||   155
  Block: Other             |       |    16 |    22 ||    38
         Reflection        |       |       |     3 ||     3

Table legend: (Time is in decaauts)
 A = Elapsed time spent in this place.
 B = Non-inter-level travel time spent in this place.
 C = Inter-level travel time spent in this place.
 D = Time resting spent in this place.
 E = Time spent auto-exploring this place.
 F = Levels seen in this place.
 G = Mean time per level.
                   A        B        C        D        E       F      G
               +--------+--------+--------+--------+--------+-----+--------+
         Total |   4100 |   4012 |     88 |    553 |   2552 |   6 |  683.3 |
       Dungeon |   4100 |   4012 |     88 |    553 |   2552 |   6 |  683.3 |
               +--------+--------+--------+--------+--------+-----+--------+

Top non-repeatable levels by time:
     D:2: 1074 daAuts
     D:4: 905 daAuts
     D:5: 874 daAuts
     D:1: 561 daAuts
     D:3: 541 daAuts
     D:6: 141 daAuts
